 Dungeon Crawl Stone Soup version 0.30-a0-1082-g70414cbcbb (webtiles) character file.

Game seed: 1619812691324143696

39 senseless the Conjurer (level 3, -3/21 HPs)
             Began as an Octopode Conjurer on Apr 15, 2023.
             Slain by Terence
             ... wielding a +0 mace
              (6 damage)
             ... on level 2 of the Dungeon.
             The game lasted 00:03:03 (742 turns).

senseless the Conjurer (Octopode Conjurer)           Turns: 742, Time: 00:03:04

Health: -3/21      AC:  1    Str:  6    XL:     3   Next: 47%
Magic:  4/6        EV: 13    Int: 22    God:
Gold:   66         SH:  0    Dex: 10    Spells: 3/6 levels left

rFire   . . .      SeeInvis .    (no weapon)
rCold   . . .      Faith    .    (no shield)
rNeg    . . .      Spirit   .    (helmet restricted)
rPois   .          Reflect  .    (no amulet)
rElec   .          Rampage  .    (no ring)
rCorr   .                        (no ring)
Will    .....                    (no ring)
Stlth   +++                      (no ring)
HPRegen 0.23/turn                (no ring)
MPRegen 0.10/turn                (no ring)
                                 (no ring)
                                 (no ring)

@: slowed, very slow
A: almost no armour, amphibious, 8 rings, camouflage 1, gelatinous body 1,
(nimble swimmer 1), tentacles
a: no special abilities


You were on level 2 of the Dungeon.
You visited 1 branch of the dungeon, and saw 2 of its levels.

You collected 66 gold pieces.

Inventory:

Scrolls
 b - a scroll of fear {unknown}
 e - 2 scrolls of identify {unknown}
 h - 4 scrolls of teleportation {unknown}
Potions
 c - a potion of berserk rage {unknown}
 d - 3 potions of brilliance {unknown}
 f - 2 potions of might {unknown}
 g - a potion of degeneration {unknown}
 i - a potion of mutation {unknown}


   Skills:
 + Level 2.4 Dodging
 + Level 3.5 Stealth
 + Level 2.4 Spellcasting
 + Level 4.3 Conjurations


You had 3 spell levels left.
You knew the following spells:

 Your Spells              Type           Power      Damage    Failure   Level
a - Magic Dart            Conj           84%        1d7       2%          1
b - Searing Ray           Conj           42%        2d6       3%          2

Your spell library contained the following spells:

 Spells                   Type           Power      Damage    Failure   Level
 Static Discharge         Conj/Air       24%        2-3/arc   9%          2
 Dazzling Flash           Conj/Hex       24%        N/A       16%         3
 Poisonous Vapours        Pois/Air       4%         N/A       21%         2
 Mephitic Cloud           Conj/Pois/Air  9%         N/A       22%         3
 Fulminant Prism          Conj/Hex       6%         3d7       47%         4
 Iskenderun's Mystic Bla  Conj/Tloc      12%        2d5       47%         4
 Airstrike                Air            1%         2d(1-17)  78%         4
 Anguish                  Hex/Necr       1%         N/A       78%         4
 Summon Ice Beast         Ice/Summ       2%         N/A       78%         4
 Summon Lightning Spire   Summ/Air       2%         N/A       78%         4
 Freezing Cloud           Conj/Ice/Air   4%         6-21      90%         5
 Haunt                    Necr/Summ      1%         N/A       100%        7


Dungeon Overview and Level Annotations

Branches:
Dungeon (2/15)

Altars:

Annotations:
D:2 Terence


Innate Abilities, Weirdness & Mutations

You cannot wear most types of armour.
You are amphibious.
You can wear up to eight rings at the same time.
Your skin changes colour to match your surroundings (Stealth+).
Your rubbery body absorbs attacks. (AC +1, EV +1)
((You are camouflaged when in or above water. (Stealth+)))
You have tentacles for arms and can constrict up to eight enemies at once.


Message History

Natasha screams in pain as she dies!
The searing ray hits the ball python zombie.
The ball python zombie is severely damaged.
You have reached level 3!
Your experience leads to an increase in your attributes!
Increase (S)trength, (I)ntelligence, or (D)exterity?
You feel clever. x2
The searing ray hits Terence!
Terence is moderately wounded.
The searing ray hits the ball python zombie.
You destroy the ball python zombie!
You finish channelling your searing ray.
Terence hits you with a +0 mace. Terence hits you but does no damage.
You tentacle-slap Terence but do no damage.
You grab Terence. You squeeze Terence, but do no damage.
Terence is moderately wounded.
You constrict Terence, but do no damage.
Terence hits you with a +0 mace!
You tentacle-slap Terence but do no damage.
You squeeze Terence, but do no damage.
Terence is moderately wounded.
You constrict Terence. Terence hits you with a +0 mace!
* * * LOW HITPOINT WARNING * * *
Terence closely misses you.
Okay, then.
Magic courses through your body.
You constrict Terence, but do no damage.
Terence barely misses you.
Casting: Searing Ray (safe; 3% risk of failure)
Confirm with . or Enter, or press ? or * to list all spells.
Aiming: Searing Ray (safe; 3% risk of failure)
Press: ? - help, Shift-Dir - straight line, f - Terence
Aim: Terence, wielding a +0 mace and wearing a +0 scale mail (moderately wounded, constricted by you, 100% to hit)
The searing ray hits Terence but does no damage.
Terence is moderately wounded. (Press . to maintain the ray.)
You constrict Terence.
Terence shouts, "ATTACK!!!"
Terence hits you with a +0 mace.
You die...

#.##
#..#
##.#
#.# #.#
#.# #.#
#.# #@#
#@# .†.
#P..P
#....#
#...P#
...P..
.......


You could see Terence.

Vanquished Creatures
  Natasha (D:2)
  2 endoplasms
  2 goblins (D:1)
  2 hobgoblins (D:1)
  A quokka (D:1)
  3 ball pythons (D:1)
  A ball python skeleton (D:2)
  A ball python zombie (D:2)
  A bat (D:1)
  2 kobolds (D:1)
  A rat (D:1)
17 creatures vanquished.

Notes
Turn   | Place    | Note
-------+----------+-------------------------------------------
     0 | D:1      | senseless the Octopode Conjurer began the quest for the
                  | Orb.
     0 | D:1      | Reached XP level 1. HP: 11/11 MP: 3/3
    97 | D:1      | Got the Grimoire of Karma
   205 | D:1      | Reached XP level 2. HP: 13/17 MP: 0/5
   646 | D:1      | Learned a level 2 spell: Searing Ray
   731 | D:2      | Noticed Natasha
   736 | D:2      | Noticed Terence
   737 | D:2      | Killed Natasha
   738 | D:2      | Reached XP level 3. HP: 21/21 MP: 1/6
   742 | D:2      | Slain by Terence

Illustrated notes

Levels and vault maps discovered:
D:1:      tarquinn_simple_flora_water_e, layout_rooms
D:2:      minmay_angry_zag, layout_loops_ring, serial_undead, serial_undead_b,
          serial_undead_b, serial_undead_e, serial_undead_e, grunt_ministairs_8,
          minivault_5, uniq_terence, uniq_sigmund, uniq_natasha

Skill      XL: |  1 |
---------------+----+-----
Stealth        | 3 |  3.5
Dodging        | |  2.4
Spellcasting   | |  2.4
Conjurations   | |  4.3

Action                     || total
---------------------------++-------
  Melee: Unarmed           ||     8
         Tentacles         ||     3
         Constrict         ||     2
   Cast: Magic Dart        ||    25
         Searing Ray       ||     2
    Use: Potion            ||     1
 Armour: Skin              ||     1
  Dodge: Dodged            ||     5

Table legend: (Time is in decaauts)
 A = Elapsed time spent in this place.
 B = Non-inter-level travel time spent in this place.
 C = Inter-level travel time spent in this place.
 D = Time resting spent in this place.
 E = Time spent auto-exploring this place.
 F = Levels seen in this place.
 G = Mean time per level.
                   A        B        C        D        E       F      G
               +--------+--------+--------+--------+--------+-----+--------+
         Total |    744 |    738 |      6 |      8 |    640 |   2 |  372.0 |
       Dungeon |    744 |    738 |      6 |      8 |    640 |   2 |  372.0 |
               +--------+--------+--------+--------+--------+-----+--------+

Top non-repeatable levels by time:
     D:1: 647 daAuts
     D:2: 97 daAuts
